[ AOE2 MATCH · #476037374 ]
UnrankedBritons vs Wu
[ REPLAY ANALYSIS · EXTRACTED FROM THE RECORDED GAME ]
Feudal
7:39
Castle
12:03
Imperial
28:13
| APM avg | 45.7 |
| APM peak | 95 |
| eAPM avg | 28.4 |
| Villagers / military | 154 / 281 |
Focus
⚔️ 56.3% · 🌾 43.7%
Spearman ×171 · Longbowman ×84 · Trade Cart ×26 · Battering Ram ×13 · Trebuchet (Packed) ×13
Feudal
6:49
Castle
10:55
Imperial
26:38
| APM avg | 46.6 |
| APM peak | 128 |
| eAPM avg | 23.1 |
| Villagers / military | 205 / 470 |
Focus
⚔️ 30.7% · 🌾 69.3%
Skirmisher ×325 · Cavalry Archer ×127 · Trade Cart ×38 · Petard ×6 · Mangonel ×5 · Trebuchet (Packed) ×4
Feudal
8:02
Castle
11:57
Imperial
32:20
| APM avg | 42.4 |
| APM peak | 98 |
| eAPM avg | 25.9 |
| Villagers / military | 197 / 178 |
Focus
⚔️ 40.3% · 🌾 59.7%
Spearman ×177 · Unknown (1968) ×161 · Unknown (1974) ×50 · Trade Cart ×29 · Unknown (1942) ×24 · Mangonel ×1
Feudal
7:14
Castle
11:34
Imperial
26:14
| APM avg | 43.9 |
| APM peak | 71 |
| eAPM avg | 23.9 |
| Villagers / military | 126 / 593 |
Focus
⚔️ 32.7% · 🌾 67.3%
Camel Archer ×277 · Camel Scout ×188 · Scout Cavalry ×124 · Trade Cart ×41 · Trebuchet (Packed) ×3 · Monk ×1
Feudal
8:57
Castle
12:52
Imperial
25:38
| APM avg | 32.2 |
| APM peak | 73 |
| eAPM avg | 22.4 |
| Villagers / military | 191 / 698 |
Focus
⚔️ 26.0% · 🌾 74.0%
Tarkan ×398 · Scout Cavalry ×250 · Trade Cart ×50 · Cavalry Archer ×50
Feudal
8:21
Castle
12:16
Imperial
25:33
| APM avg | 32.8 |
| APM peak | 79 |
| eAPM avg | 20.3 |
| Villagers / military | 128 / 412 |
Focus
⚔️ 54.4% · 🌾 45.6%
Elephant Archer ×188 · Skirmisher ×153 · Spearman ×61 · Trade Cart ×35 · Armored Elephant ×8 · Bombard Cannon ×1
Feudal
7:37
Castle
16:49
Imperial
39:23
| APM avg | 45.8 |
| APM peak | 117 |
| eAPM avg | 25.0 |
| Villagers / military | 156 / 680 |
Focus
⚔️ 26.5% · 🌾 73.5%
Scout Cavalry ×443 · Knight ×234 · Petard ×3 · Trade Cart ×1
Feudal
7:46
Castle
11:33
Imperial
25:24
| APM avg | 28.9 |
| APM peak | 59 |
| eAPM avg | 17.4 |
| Villagers / military | 158 / 608 |
Focus
⚔️ 35.7% · 🌾 64.3%
Spearman ×425 · Scout Cavalry ×100 · Knight ×83 · Trade Cart ×17
Match map
Initial resources + every placement click. Lines = walls · curves = elevation contours. ◆ gold · ⬟ stone · ● berries · ✦ relic · ◌ wall gap
Your base· ✓ Closed at 12:03 · 0t walls · 8 gate(s)
Sói's base· ✓ Closed at 10:55 · 1t walls · 7 gate(s)
曾瑞小狮子's base· ✓ Closed at 11:57 · 0t walls · 7 gate(s)
Teddy's base· ✓ Closed at 11:34 · 0t walls · 7 gate(s)
一口一个宝宝饼's base· ✓ Closed at 12:52 · 0t walls · 8 gate(s)
Ashwath's base· ✓ Closed at 12:16 · 24t walls · 6 gate(s)
Gun™'s base· ✓ Closed at 16:49 · 1t walls · 6 gate(s)
一拳一个猪猪饼's base· ✓ Closed at 11:33 · 0t walls · 7 gate(s)
Smoothed initial terrain · ◌ = detected wall gap · hover for details
Inputs per minute
— 王德发 - - Sói
Build order — 王德发
First 150 of 526 actions detected
| 0:04 | Build | Lumber Camp |
| 0:04 | Create | Villager (Male) |
| 0:08 | Build | Mill |
| 0:27 | Create | Villager (Male) |
| 0:27 | Create | Villager (Male) |
| 0:27 | Create | Villager (Male) |
| 1:15 | Create | Villager (Male) |
| 1:24 | Create | Villager (Male) |
| 1:45 | Create | Villager (Male) |
| 1:45 | Create | Villager (Male) |
| 1:51 | Create | Villager (Male) |
| 2:20 | Build | Farm |
| 2:46 | Build | Farm |
| 2:53 | Create | Villager (Male) |
| 3:12 | Build | Farm |
| 3:25 | Create | Villager (Male) |
| 3:41 | Build | Mining Camp |
| 4:12 | Create | Villager (Male) |
| 4:30 | Create | Villager (Male) |
| 4:54 | Create | Villager (Male) |
| 5:24 | Research | Feudal Age |
| 6:58 | Create | Villager (Male) |
| 6:59 | Create | Villager (Male) |
| 7:17 | Create | Villager (Male) |
| 7:23 | Build | Farm |
| 7:39 | Age | Feudal Age |
| 7:43 | Build | Market |
| 7:46 | Build | Blacksmith |
| 7:53 | Build | Farm |
| 7:55 | Research | Double-Bit Axe |
| 8:25 | Create | Villager (Male) |
| 8:36 | Build | Farm |
| 8:57 | Build | Farm |
| 9:23 | Research | Castle Age |
| 9:52 | Research | Horse Collar |
| 10:48 | Build | Lumber Camp |
| 10:58 | Build | Farm |
| 11:07 | Create | Villager (Male) |
| 11:11 | Research | Wheelbarrow |
| 11:51 | Build | Farm |
| 12:03 | Age | Castle Age |
| 12:13 | Build | Town Center |
| 12:26 | Build | Town Center |
| 12:49 | Build | Town Center |
| 13:01 | Create | Villager (Male) |
| 13:19 | Research | Bow Saw |
| 13:34 | Create | Villager (Male) |
| 13:36 | Create | Villager (Male) |
| 13:38 | Create | Villager (Male) |
| 13:45 | Build | Farm |
| 13:48 | Create | Villager (Male) |
| 13:53 | Create | Villager (Male) |
| 14:00 | Build | Farm |
| 14:03 | Create | Villager (Male) |
| 14:10 | Create | Villager (Male) |
| 14:14 | Build | Farm |
| 14:15 | Build | Farm |
| 14:17 | Create | Villager (Male) |
| 14:22 | Create | Villager (Male) |
| 14:29 | Create | Villager (Male) |
| 14:36 | Create | Villager (Male) |
| 14:50 | Create | Villager (Male) |
| 14:52 | Create | Villager (Male) |
| 14:52 | Create | Villager (Male) |
| 14:52 | Create | Villager (Male) |
| 14:56 | Build | Farm |
| 15:00 | Build | Farm |
| 15:03 | Create | Villager (Male) |
| 15:08 | Create | Longbowman |
| 15:12 | Create | Villager (Male) |
| 15:24 | Build | Farm |
| 15:27 | Create | Villager (Male) |
| 15:28 | Create | Villager (Male) |
| 15:28 | Create | Villager (Male) |
| 15:36 | Build | Farm |
| 15:37 | Create | Villager (Male) |
| 15:43 | Build | Farm |
| 15:51 | Create | Villager (Male) |
| 15:51 | Create | Villager (Male) |
| 15:51 | Create | Villager (Male) |
| 15:52 | Create | Villager (Male) |
| 15:54 | Build | Farm |
| 16:04 | Build | Farm |
| 16:05 | Create | Villager (Male) |
| 16:09 | Create | Villager (Male) |
| 16:09 | Create | Villager (Male) |
| 16:10 | Create | Villager (Male) |
| 16:24 | Create | Villager (Male) |
| 16:24 | Create | Villager (Male) |
| 16:24 | Create | Villager (Male) |
| 16:25 | Create | Villager (Male) |
| 16:30 | Build | Farm |
| 16:30 | Create | Villager (Male) |
| 16:33 | Build | Farm |
| 16:36 | Build | Farm |
| 16:39 | Create | Villager (Male) |
| 16:44 | Build | House |
| 16:45 | Build | House |
| 16:46 | Build | House |
| 16:52 | Create | Villager (Male) |
| 16:57 | Build | Farm |
| 16:57 | Create | Villager (Male) |
| 16:57 | Create | Villager (Male) |
| 17:00 | Create | Villager (Male) |
| 17:04 | Build | Farm |
| 17:12 | Build | Farm |
| 17:12 | Create | Villager (Male) |
| 17:17 | Build | Farm |
| 17:17 | Create | Villager (Male) |
| 17:21 | Create | Villager (Male) |
| 17:26 | Build | House |
| 17:27 | Build | House |
| 17:28 | Build | House |
| 17:33 | Create | Villager (Male) |
| 17:34 | Create | Villager (Male) |
| 17:34 | Create | Villager (Male) |
| 17:41 | Create | Villager (Male) |
| 17:53 | Build | Town Center |
| 17:54 | Create | Villager (Male) |
| 18:02 | Create | Villager (Male) |
| 18:04 | Build | House |
| 18:06 | Create | Villager (Male) |
| 18:06 | Create | Villager (Male) |
| 18:12 | Build | Farm |
| 18:13 | Create | Villager (Male) |
| 18:13 | Create | Villager (Male) |
| 18:31 | Build | University |
| 18:32 | Create | Villager (Male) |
| 18:32 | Create | Villager (Male) |
| 18:40 | Create | Villager (Male) |
| 18:45 | Create | Villager (Male) |
| 18:48 | Build | Farm |
| 18:51 | Build | Farm |
| 18:52 | Build | Farm |
| 18:52 | Build | Farm |
| 18:56 | Create | Villager (Male) |
| 19:10 | Create | Villager (Male) |
| 19:12 | Build | House |
| 19:13 | Build | House |
| 19:14 | Create | Villager (Male) |
| 19:18 | Create | Villager (Male) |
| 19:21 | Build | Farm |
| 19:23 | Build | Farm |
| 19:24 | Build | Farm |
| 19:29 | Create | Villager (Male) |
| 19:31 | Create | Villager (Male) |
| 19:31 | Create | Villager (Male) |
| 19:38 | Build | Town Center |
| 19:39 | Create | Villager (Male) |
| 19:45 | Build | Farm |
Build order — Sói
First 150 of 655 actions detected
| 0:02 | Create | Villager (Male) |
| 0:03 | Create | Villager (Male) |
| 0:03 | Create | Villager (Male) |
| 0:06 | Build | Mill |
| 0:28 | Build | Lumber Camp |
| 0:32 | Create | Villager (Male) |
| 1:06 | Create | Villager (Male) |
| 1:06 | Create | Villager (Male) |
| 1:49 | Create | Villager (Male) |
| 1:49 | Create | Villager (Male) |
| 1:54 | Create | Villager (Male) |
| 1:54 | Create | Villager (Male) |
| 2:12 | Create | Villager (Male) |
| 2:57 | Create | Villager (Male) |
| 2:58 | Create | Villager (Male) |
| 2:58 | Create | Villager (Male) |
| 2:58 | Create | Villager (Male) |
| 3:38 | Build | Palisade Wall |
| 3:40 | Build | Mining Camp |
| 3:58 | Create | Villager (Male) |
| 4:04 | Build | Farm |
| 4:19 | Build | Farm |
| 4:25 | Build | Farm |
| 4:31 | Build | Farm |
| 4:36 | Build | Farm |
| 4:39 | Research | Feudal Age |
| 4:39 | Research | Feudal Age |
| 4:59 | Create | Villager (Male) |
| 4:59 | Create | Villager (Male) |
| 6:49 | Age | Feudal Age |
| 6:55 | Build | Market |
| 6:58 | Build | Blacksmith |
| 7:08 | Create | Villager (Male) |
| 8:15 | Research | Castle Age |
| 8:15 | Research | Castle Age |
| 9:09 | Research | Double-Bit Axe |
| 10:12 | Research | Horse Collar |
| 10:12 | Research | Horse Collar |
| 10:53 | Create | Villager (Male) |
| 10:55 | Age | Castle Age |
| 11:06 | Build | Town Center |
| 11:12 | Research | Bow Saw |
| 11:13 | Create | Villager (Male) |
| 11:16 | Research | Heavy Plow |
| 11:39 | Create | Villager (Male) |
| 11:58 | Research | Wheelbarrow |
| 11:58 | Research | Wheelbarrow |
| 12:20 | Build | Farm |
| 12:20 | Build | Farm |
| 12:28 | Build | House |
| 12:29 | Build | House |
| 12:33 | Create | Villager (Male) |
| 12:33 | Create | Villager (Male) |
| 12:44 | Build | Farm |
| 12:50 | Create | Villager (Male) |
| 12:56 | Build | Farm |
| 13:00 | Create | Villager (Male) |
| 13:08 | Build | Farm |
| 13:08 | Build | Farm |
| 13:19 | Build | Farm |
| 13:31 | Create | Villager (Male) |
| 13:32 | Create | Villager (Male) |
| 13:56 | Create | Villager (Male) |
| 13:56 | Create | Villager (Male) |
| 14:13 | Build | Siege Workshop |
| 14:19 | Create | Villager (Male) |
| 14:19 | Create | Villager (Male) |
| 14:42 | Create | Villager (Male) |
| 14:46 | Create | Mangonel |
| 14:46 | Create | Mangonel |
| 15:00 | Create | Villager (Male) |
| 15:00 | Create | Villager (Male) |
| 15:18 | Create | Villager (Male) |
| 15:46 | Build | Lumber Camp |
| 15:53 | Create | Villager (Male) |
| 15:54 | Create | Villager (Male) |
| 15:56 | Create | Mangonel |
| 16:10 | Build | Monastery |
| 16:20 | Create | Villager (Male) |
| 16:21 | Create | Villager (Male) |
| 16:23 | Build | Farm |
| 16:54 | Create | Mangonel |
| 16:56 | Create | Villager (Male) |
| 16:56 | Create | Villager (Male) |
| 17:20 | Build | Town Center |
| 17:25 | Create | Petard |
| 17:26 | Create | Petard |
| 17:34 | Build | Farm |
| 17:36 | Build | Farm |
| 17:36 | Build | Farm |
| 17:36 | Build | Farm |
| 17:39 | Create | Monk |
| 17:48 | Create | Villager (Male) |
| 17:49 | Create | Villager (Male) |
| 17:51 | Build | Farm |
| 17:59 | Build | Farm |
| 18:02 | Create | Villager (Male) |
| 18:04 | Build | Farm |
| 18:04 | Build | Farm |
| 18:16 | Create | Petard |
| 18:20 | Build | Farm |
| 18:23 | Build | Farm |
| 18:29 | Build | Farm |
| 18:32 | Create | Villager (Male) |
| 18:35 | Build | Farm |
| 18:42 | Create | Villager (Male) |
| 18:46 | Build | Farm |
| 18:59 | Create | Villager (Male) |
| 19:02 | Create | Villager (Male) |
| 19:02 | Create | Villager (Male) |
| 19:05 | Build | Farm |
| 19:06 | Build | Farm |
| 19:13 | Build | Farm |
| 19:15 | Create | Villager (Male) |
| 19:16 | Create | Villager (Male) |
| 19:25 | Create | Villager (Male) |
| 19:25 | Create | Villager (Male) |
| 19:34 | Build | House |
| 19:35 | Build | House |
| 19:35 | Build | House |
| 19:36 | Build | House |
| 19:38 | Create | Villager (Male) |
| 19:41 | Create | Villager (Male) |
| 19:43 | Build | Farm |
| 20:08 | Build | Farm |
| 20:09 | Create | Villager (Male) |
| 20:09 | Create | Villager (Male) |
| 20:10 | Create | Villager (Male) |
| 20:52 | Create | Villager (Male) |
| 20:52 | Create | Villager (Male) |
| 20:53 | Create | Villager (Male) |
| 20:55 | Build | Farm |
| 21:00 | Create | Mangonel |
| 21:09 | Build | Mill |
| 21:09 | Build | Farm |
| 21:10 | Build | Farm |
| 21:10 | Build | Farm |
| 21:10 | Build | Farm |
| 21:10 | Build | Farm |
| 21:11 | Build | Farm |
| 21:11 | Build | Farm |
| 21:13 | Research | Gold Mining |
| 21:13 | Research | Gold Mining |
| 21:16 | Create | Villager (Male) |
| 21:28 | Build | Farm |
| 21:35 | Research | Loom |
| 21:35 | Research | Loom |
| 21:36 | Create | Villager (Male) |
| 21:38 | Build | Farm |
| 21:39 | Build | Farm |
Build order — 曾瑞小狮子
First 150 of 608 actions detected
| 0:02 | Create | Villager (Male) |
| 0:02 | Create | Villager (Male) |
| 0:02 | Create | Villager (Male) |
| 0:04 | Build | Lumber Camp |
| 0:14 | Create | Villager (Male) |
| 0:14 | Create | Villager (Male) |
| 0:20 | Build | Mill |
| 1:18 | Create | Villager (Male) |
| 1:25 | Create | Villager (Male) |
| 1:51 | Create | Villager (Male) |
| 1:57 | Create | Villager (Male) |
| 2:10 | Build | Farm |
| 2:27 | Create | Villager (Male) |
| 2:33 | Create | Villager (Male) |
| 2:33 | Create | Villager (Male) |
| 2:53 | Create | Villager (Male) |
| 2:54 | Create | Villager (Male) |
| 3:08 | Create | Villager (Male) |
| 3:41 | Create | Villager (Male) |
| 3:41 | Create | Villager (Male) |
| 3:50 | Create | Villager (Male) |
| 3:55 | Create | Villager (Male) |
| 4:21 | Create | Villager (Male) |
| 5:04 | Build | Farm |
| 5:09 | Build | Farm |
| 5:29 | Build | Mining Camp |
| 5:34 | Research | Feudal Age |
| 6:22 | Build | Farm |
| 6:37 | Create | Villager (Male) |
| 7:22 | Create | Villager (Male) |
| 8:02 | Age | Feudal Age |
| 8:03 | Create | Villager (Male) |
| 8:15 | Build | Stable |
| 8:16 | Create | Villager (Male) |
| 8:20 | Build | Blacksmith |
| 8:22 | Create | Villager (Male) |
| 9:03 | Research | Castle Age |
| 9:03 | Research | Castle Age |
| 9:47 | Build | Farm |
| 9:53 | Create | Villager (Male) |
| 10:05 | Build | Lumber Camp |
| 10:35 | Research | Double-Bit Axe |
| 10:45 | Research | Fletching |
| 11:05 | Create | Villager (Male) |
| 11:16 | Research | Gold Mining |
| 11:22 | Create | Villager (Male) |
| 11:50 | Create | Villager (Male) |
| 11:57 | Age | Castle Age |
| 11:58 | Research | Bodkin Arrow |
| 11:59 | Create | Unit 1968 |
| 11:59 | Create | Unit 1968 |
| 12:00 | Create | Villager (Male) |
| 12:09 | Research | Horse Collar |
| 12:22 | Create | Villager (Male) |
| 12:23 | Create | Unit 1968 |
| 12:42 | Create | Villager (Male) |
| 12:48 | Create | Unit 1968 |
| 13:02 | Create | Villager (Male) |
| 13:06 | Create | Unit 1968 |
| 13:06 | Create | Unit 1968 |
| 13:16 | Create | Unit 1968 |
| 13:16 | Create | Unit 1968 |
| 13:19 | Create | Villager (Male) |
| 13:27 | Create | Villager (Male) |
| 13:38 | Create | Unit 1968 |
| 13:42 | Create | Villager (Male) |
| 13:42 | Create | Villager (Male) |
| 13:46 | Build | Town Center |
| 13:50 | Build | Town Center |
| 14:02 | Create | Unit 1968 |
| 14:02 | Create | Unit 1968 |
| 14:20 | Create | Villager (Male) |
| 14:23 | Create | Villager (Male) |
| 14:24 | Create | Unit 1968 |
| 14:44 | Create | Villager (Male) |
| 14:44 | Create | Unit 1968 |
| 14:45 | Create | Unit 1968 |
| 14:58 | Create | Villager (Male) |
| 14:59 | Create | Unit 1968 |
| 15:19 | Create | Unit 1968 |
| 15:24 | Build | House |
| 15:25 | Build | House |
| 15:37 | Create | Villager (Male) |
| 15:54 | Create | Villager (Male) |
| 16:00 | Build | Farm |
| 16:00 | Build | Farm |
| 16:00 | Build | Farm |
| 16:01 | Build | Farm |
| 16:01 | Build | Farm |
| 16:01 | Build | Farm |
| 16:08 | Create | Unit 1968 |
| 16:18 | Create | Villager (Male) |
| 16:48 | Create | Unit 1968 |
| 16:49 | Create | Villager (Male) |
| 16:51 | Create | Unit 1968 |
| 16:59 | Create | Villager (Male) |
| 16:59 | Create | Unit 1968 |
| 17:11 | Create | Villager (Male) |
| 17:17 | Build | Farm |
| 17:18 | Build | Farm |
| 17:33 | Create | Villager (Male) |
| 17:33 | Create | Villager (Male) |
| 17:34 | Create | Unit 1968 |
| 17:38 | Build | House |
| 17:38 | Build | House |
| 17:39 | Build | House |
| 17:39 | Build | House |
| 17:40 | Build | House |
| 17:41 | Create | Villager (Male) |
| 17:56 | Create | Unit 1968 |
| 17:57 | Create | Villager (Male) |
| 18:05 | Create | Unit 1968 |
| 18:11 | Create | Villager (Male) |
| 18:14 | Build | Farm |
| 18:15 | Build | Farm |
| 18:24 | Create | Villager (Male) |
| 18:29 | Create | Unit 1968 |
| 18:30 | Create | Unit 1968 |
| 18:41 | Create | Villager (Male) |
| 18:41 | Create | Unit 1968 |
| 18:44 | Build | Farm |
| 18:46 | Create | Villager (Male) |
| 19:04 | Create | Villager (Male) |
| 19:16 | Create | Villager (Male) |
| 19:17 | Create | Villager (Male) |
| 19:18 | Build | Farm |
| 19:19 | Build | Farm |
| 19:21 | Build | Farm |
| 19:23 | Build | Farm |
| 19:25 | Build | Farm |
| 19:26 | Create | Villager (Male) |
| 19:29 | Build | House |
| 19:30 | Build | House |
| 20:08 | Create | Unit 1968 |
| 20:09 | Create | Unit 1968 |
| 20:10 | Create | Villager (Male) |
| 20:10 | Create | Villager (Male) |
| 20:10 | Create | Villager (Male) |
| 20:14 | Create | Villager (Male) |
| 20:16 | Build | Farm |
| 20:16 | Build | Farm |
| 20:16 | Build | Farm |
| 20:16 | Build | Farm |
| 20:17 | Build | Farm |
| 20:29 | Create | Villager (Male) |
| 20:30 | Create | Villager (Male) |
| 20:52 | Create | Villager (Male) |
| 20:53 | Create | Unit 1968 |
| 20:54 | Create | Villager (Male) |
| 20:56 | Build | Farm |
Build order — Teddy
First 150 of 561 actions detected
| 0:04 | Create | Villager (Male) ×4 |
| 0:08 | Build | Lumber Camp |
| 0:13 | Build | Mill |
| 1:24 | Create | Villager (Male) |
| 1:24 | Create | Villager (Male) |
| 1:50 | Create | Villager (Male) |
| 1:50 | Create | Villager (Male) |
| 2:19 | Create | Villager (Male) |
| 2:23 | Create | Villager (Male) |
| 2:23 | Create | Villager (Male) |
| 2:58 | Create | Villager (Male) |
| 2:59 | Create | Villager (Male) |
| 3:17 | Create | Villager (Male) |
| 3:45 | Create | Villager (Male) |
| 4:21 | Create | Villager (Male) |
| 4:21 | Create | Villager (Male) |
| 4:56 | Research | Feudal Age |
| 5:03 | Build | Mining Camp |
| 5:32 | Build | Farm |
| 5:34 | Build | Farm |
| 7:14 | Age | Feudal Age |
| 7:16 | Build | Market |
| 7:19 | Build | Blacksmith |
| 7:25 | Create | Villager (Male) |
| 7:25 | Create | Villager (Male) |
| 7:28 | Build | Farm |
| 7:29 | Build | Farm |
| 8:29 | Research | Loom |
| 8:39 | Research | Castle Age |
| 9:02 | Research | Double-Bit Axe |
| 9:19 | Research | Horse Collar |
| 10:57 | Create | Villager (Male) |
| 10:57 | Create | Villager (Male) |
| 11:34 | Age | Castle Age |
| 11:39 | Build | Town Center |
| 11:42 | Research | Bow Saw |
| 11:45 | Create | Villager (Male) |
| 11:59 | Build | Town Center |
| 12:11 | Create | Villager (Male) |
| 12:41 | Build | Farm |
| 12:42 | Build | Farm |
| 13:03 | Build | House |
| 13:04 | Build | House |
| 13:05 | Create | Villager (Male) |
| 13:06 | Create | Villager (Male) |
| 13:07 | Create | Villager (Male) |
| 13:17 | Build | House |
| 13:18 | Build | House |
| 13:22 | Build | House |
| 13:23 | Build | House |
| 13:26 | Build | House |
| 13:30 | Create | Villager (Male) |
| 13:32 | Create | Villager (Male) |
| 13:36 | Build | Farm |
| 13:37 | Build | Farm |
| 13:52 | Build | Farm |
| 13:53 | Build | Farm |
| 13:53 | Build | Farm |
| 13:53 | Build | Farm |
| 13:53 | Build | Farm |
| 13:53 | Build | Farm |
| 13:54 | Build | Farm |
| 13:58 | Create | Villager (Male) |
| 14:09 | Create | Villager (Male) |
| 14:16 | Build | House |
| 14:17 | Build | House |
| 14:24 | Build | Farm |
| 14:24 | Build | Farm |
| 14:25 | Build | Farm |
| 14:25 | Build | Farm |
| 14:32 | Create | Villager (Male) |
| 14:36 | Build | Farm |
| 14:39 | Build | Farm |
| 14:46 | Create | Villager (Male) |
| 14:51 | Build | Farm |
| 14:54 | Create | Villager (Male) |
| 15:07 | Build | Farm |
| 15:07 | Build | Farm |
| 15:16 | Create | Villager (Male) |
| 15:16 | Create | Villager (Male) |
| 15:21 | Build | House |
| 15:24 | Build | House |
| 15:26 | Create | Villager (Male) |
| 15:29 | Create | Villager (Male) |
| 15:29 | Create | Villager (Male) |
| 15:30 | Build | Farm |
| 15:31 | Build | Farm |
| 15:43 | Build | Town Center |
| 15:52 | Build | House |
| 15:53 | Build | House |
| 15:53 | Build | House |
| 15:54 | Build | House |
| 15:55 | Build | House |
| 15:58 | Build | House |
| 15:59 | Create | Villager (Male) |
| 16:00 | Create | Villager (Male) |
| 16:10 | Build | Farm |
| 16:13 | Create | Villager (Male) |
| 16:19 | Build | Farm |
| 16:25 | Create | Villager (Male) |
| 16:27 | Create | Villager (Male) |
| 16:29 | Build | Farm |
| 16:33 | Build | Farm |
| 16:33 | Build | Farm |
| 16:33 | Build | Farm |
| 16:33 | Build | Farm |
| 16:34 | Build | Farm |
| 16:34 | Build | Farm |
| 16:40 | Create | Villager (Male) |
| 16:43 | Build | Farm |
| 16:46 | Create | Villager (Male) |
| 16:52 | Create | Villager (Male) |
| 16:59 | Build | Farm |
| 17:00 | Build | Farm |
| 17:01 | Create | Villager (Male) |
| 17:06 | Build | Farm |
| 17:11 | Create | Villager (Male) |
| 17:30 | Create | Villager (Male) |
| 17:30 | Create | Villager (Male) |
| 17:31 | Create | Villager (Male) |
| 17:35 | Create | Villager (Male) |
| 17:47 | Build | Farm |
| 17:48 | Build | Farm |
| 17:51 | Build | Farm |
| 17:51 | Build | Farm |
| 17:52 | Build | Farm |
| 17:52 | Build | Farm |
| 17:52 | Build | Farm |
| 17:52 | Build | Farm |
| 17:52 | Build | Farm |
| 17:55 | Create | Villager (Male) |
| 17:58 | Create | Villager (Male) |
| 18:00 | Create | Villager (Male) |
| 18:07 | Build | Farm |
| 18:11 | Build | Farm |
| 18:11 | Build | Farm |
| 18:16 | Create | Villager (Male) |
| 18:17 | Create | Villager (Male) |
| 18:17 | Create | Villager (Male) |
| 18:24 | Create | Villager (Male) |
| 18:32 | Build | House |
| 18:33 | Create | Villager (Male) |
| 18:34 | Create | Villager (Male) |
| 18:41 | Build | Mining Camp |
| 18:45 | Create | Villager (Male) |
| 18:48 | Create | Villager (Male) |
| 19:02 | Build | Farm |
| 19:03 | Build | Farm |
| 19:08 | Research | Wheelbarrow |
| 19:09 | Create | Villager (Male) |
Build order — 一口一个宝宝饼
First 150 of 626 actions detected
| 0:06 | Build | Lumber Camp |
| 0:06 | Create | Villager (Male) |
| 0:07 | Create | Villager (Male) |
| 0:54 | Create | Villager (Male) |
| 0:54 | Create | Villager (Male) |
| 0:54 | Create | Villager (Male) |
| 0:55 | Create | Villager (Male) |
| 1:31 | Create | Villager (Male) |
| 1:32 | Create | Villager (Male) |
| 1:32 | Create | Villager (Male) |
| 2:10 | Build | Mill |
| 2:23 | Create | Villager (Male) |
| 2:24 | Create | Villager (Male) |
| 2:24 | Create | Villager (Male) |
| 3:05 | Create | Villager (Male) |
| 3:06 | Create | Villager (Male) |
| 3:06 | Create | Villager (Male) |
| 3:49 | Build | Farm |
| 3:50 | Build | Farm |
| 3:51 | Build | Farm |
| 3:52 | Create | Villager (Male) |
| 3:52 | Create | Villager (Male) |
| 3:53 | Create | Villager (Male) |
| 4:56 | Create | Villager (Male) |
| 4:57 | Create | Villager (Male) |
| 4:57 | Create | Villager (Male) |
| 4:57 | Create | Villager (Male) |
| 4:58 | Create | Villager (Male) |
| 4:58 | Create | Villager (Male) |
| 5:06 | Create | Villager (Male) |
| 6:06 | Build | Mining Camp |
| 6:36 | Research | Feudal Age |
| 8:31 | Create | Villager (Male) |
| 8:31 | Create | Villager (Male) |
| 8:57 | Age | Feudal Age |
| 9:00 | Build | Blacksmith |
| 9:11 | Build | Market |
| 9:15 | Create | Villager (Male) |
| 9:27 | Build | Farm |
| 9:31 | Research | Horse Collar |
| 9:55 | Build | Farm |
| 10:12 | Research | Castle Age |
| 10:17 | Build | Farm |
| 10:25 | Research | Double-Bit Axe |
| 12:52 | Age | Castle Age |
| 12:55 | Build | Town Center |
| 13:01 | Build | Town Center |
| 13:03 | Create | Villager (Male) |
| 13:04 | Create | Villager (Male) |
| 13:05 | Research | Bow Saw |
| 13:56 | Create | Villager (Male) |
| 13:57 | Create | Villager (Male) |
| 14:32 | Create | Villager (Male) |
| 14:32 | Create | Villager (Male) |
| 14:45 | Create | Villager (Male) |
| 14:45 | Create | Villager (Male) |
| 14:45 | Create | Villager (Male) |
| 15:05 | Build | Town Center |
| 15:07 | Create | Villager (Male) |
| 15:07 | Create | Villager (Male) |
| 15:08 | Create | Villager (Male) |
| 15:27 | Create | Villager (Male) |
| 15:27 | Create | Villager (Male) |
| 15:29 | Build | Farm |
| 15:31 | Build | Farm |
| 16:01 | Create | Villager (Male) |
| 16:01 | Create | Villager (Male) |
| 16:01 | Create | Villager (Male) |
| 16:08 | Create | Villager (Male) |
| 16:08 | Create | Villager (Male) |
| 16:08 | Create | Villager (Male) |
| 16:15 | Create | Villager (Male) |
| 16:15 | Create | Villager (Male) |
| 16:25 | Build | Town Center |
| 16:32 | Build | Farm |
| 16:33 | Build | Farm |
| 16:40 | Build | Farm |
| 16:53 | Create | Villager (Male) |
| 16:53 | Create | Villager (Male) |
| 16:54 | Create | Villager (Male) |
| 16:54 | Create | Villager (Male) |
| 16:56 | Build | Farm |
| 16:58 | Build | Farm |
| 17:00 | Create | Villager (Male) |
| 17:01 | Create | Villager (Male) |
| 17:20 | Create | Villager (Male) |
| 17:20 | Create | Villager (Male) |
| 17:20 | Create | Villager (Male) |
| 17:20 | Create | Villager (Male) |
| 17:20 | Create | Villager (Male) |
| 17:25 | Build | Farm |
| 17:26 | Build | Farm |
| 17:30 | Create | Villager (Male) |
| 17:30 | Create | Villager (Male) |
| 17:33 | Build | Farm |
| 17:34 | Build | Farm |
| 17:37 | Build | Farm |
| 17:41 | Build | Farm |
| 17:51 | Build | Mill |
| 17:53 | Create | Villager (Male) |
| 17:53 | Create | Villager (Male) |
| 17:53 | Create | Villager (Male) |
| 17:53 | Create | Villager (Male) |
| 18:03 | Build | Farm |
| 18:04 | Build | Farm |
| 18:05 | Create | Villager (Male) |
| 18:22 | Create | Villager (Male) |
| 18:22 | Create | Villager (Male) |
| 18:22 | Create | Villager (Male) |
| 18:33 | Build | Farm |
| 18:35 | Build | Farm |
| 18:36 | Create | Villager (Male) |
| 18:36 | Create | Villager (Male) |
| 18:36 | Create | Villager (Male) |
| 18:44 | Build | Mining Camp |
| 18:48 | Build | Farm |
| 18:49 | Build | Farm |
| 18:50 | Create | Villager (Male) |
| 18:51 | Create | Villager (Male) |
| 18:51 | Create | Villager (Male) |
| 18:51 | Create | Villager (Male) |
| 18:56 | Build | Mill |
| 18:57 | Build | Farm |
| 18:58 | Build | Farm |
| 18:59 | Build | Farm |
| 19:01 | Build | Farm |
| 19:05 | Build | Farm |
| 19:07 | Create | Villager (Male) |
| 19:07 | Create | Villager (Male) |
| 19:07 | Create | Villager (Male) |
| 19:13 | Create | Tarkan |
| 19:18 | Build | Farm |
| 19:21 | Build | Farm |
| 19:24 | Build | Farm |
| 19:25 | Build | Farm |
| 19:27 | Build | Farm |
| 19:28 | Create | Villager (Male) |
| 19:29 | Create | Villager (Male) |
| 19:33 | Create | Villager (Male) |
| 19:37 | Build | Farm |
| 19:48 | Build | Farm |
| 19:58 | Create | Villager (Male) |
| 19:59 | Create | Villager (Male) |
| 19:59 | Create | Villager (Male) |
| 19:59 | Create | Villager (Male) |
| 19:59 | Create | Villager (Male) |
| 20:06 | Build | Farm |
| 20:08 | Build | Farm |
| 20:11 | Research | Heavy Plow |
| 20:13 | Create | Villager (Male) |
Build order — Ashwath
First 150 of 735 actions detected
| 0:08 | Build | Lumber Camp |
| 0:21 | Create | Villager (Male) |
| 0:21 | Create | Villager (Male) |
| 0:21 | Create | Villager (Male) |
| 0:21 | Create | Villager (Male) |
| 0:22 | Create | Villager (Male) |
| 0:56 | Create | Villager (Male) |
| 1:34 | Create | Villager (Male) |
| 1:41 | Build | Mining Camp |
| 2:10 | Create | Villager (Male) |
| 2:11 | Create | Villager (Male) |
| 2:11 | Create | Villager (Male) |
| 2:44 | Build | Mill |
| 2:50 | Create | Villager (Male) |
| 2:50 | Create | Villager (Male) |
| 3:36 | Create | Villager (Male) |
| 3:43 | Create | Villager (Male) |
| 4:28 | Create | Villager (Male) |
| 4:55 | Build | Farm |
| 4:58 | Build | Farm |
| 5:01 | Build | Farm |
| 6:03 | Research | Feudal Age |
| 6:43 | Create | Villager (Male) |
| 6:44 | Create | Villager (Male) |
| 7:33 | Research | Loom |
| 8:21 | Age | Feudal Age |
| 8:25 | Build | Market |
| 8:27 | Build | Blacksmith |
| 8:42 | Build | Stone Wall |
| 8:54 | Build | Mining Camp |
| 8:58 | Build | House |
| 9:01 | Build | House |
| 9:06 | Build | House |
| 9:34 | Research | Castle Age |
| 9:38 | Build | Lumber Camp |
| 10:05 | Build | House |
| 10:07 | Build | House |
| 10:12 | Research | Double-Bit Axe |
| 10:52 | Research | Horse Collar |
| 11:38 | Create | Villager (Male) |
| 12:16 | Age | Castle Age |
| 12:19 | Build | Town Center |
| 12:27 | Build | Town Center |
| 12:36 | Build | Farm |
| 12:37 | Build | Farm |
| 12:38 | Build | Farm |
| 12:40 | Build | Farm |
| 12:42 | Create | Villager (Male) |
| 12:44 | Create | Villager (Male) |
| 13:15 | Create | Villager (Male) |
| 13:33 | Create | Villager (Male) |
| 13:51 | Create | Villager (Male) |
| 13:59 | Build | Farm |
| 14:00 | Build | Farm |
| 14:01 | Build | Farm |
| 14:02 | Build | Farm |
| 14:04 | Build | Farm |
| 14:07 | Create | Villager (Male) |
| 14:12 | Build | Farm |
| 14:14 | Build | Farm |
| 14:20 | Build | Farm |
| 14:23 | Build | Farm |
| 14:24 | Create | Villager (Male) |
| 14:24 | Create | Villager (Male) |
| 14:28 | Build | House |
| 14:30 | Create | Villager (Male) |
| 14:30 | Create | Villager (Male) |
| 14:46 | Build | Farm |
| 14:47 | Build | Farm |
| 14:48 | Create | Villager (Male) |
| 14:48 | Create | Villager (Male) |
| 14:51 | Build | Farm |
| 14:55 | Build | House |
| 14:56 | Create | Villager (Male) |
| 14:56 | Create | Villager (Male) |
| 15:06 | Create | Villager (Male) |
| 15:11 | Create | Villager (Male) |
| 15:13 | Build | House |
| 15:14 | Build | House |
| 15:16 | Create | Villager (Male) |
| 15:33 | Create | Villager (Male) |
| 15:34 | Create | Villager (Male) |
| 15:36 | Create | Villager (Male) |
| 15:36 | Create | Villager (Male) |
| 15:41 | Build | Farm |
| 15:44 | Create | Villager (Male) |
| 15:44 | Create | Villager (Male) |
| 15:46 | Create | Villager (Male) |
| 15:46 | Create | Villager (Male) |
| 15:50 | Build | House |
| 15:52 | Build | House |
| 16:05 | Create | Villager (Male) |
| 16:05 | Create | Villager (Male) |
| 16:08 | Create | Villager (Male) |
| 16:13 | Create | Villager (Male) |
| 16:13 | Create | Villager (Male) |
| 16:14 | Create | Villager (Male) |
| 16:27 | Create | Villager (Male) |
| 16:27 | Create | Villager (Male) |
| 16:30 | Build | House |
| 16:32 | Build | House |
| 16:50 | Create | Villager (Male) |
| 16:50 | Create | Villager (Male) |
| 16:50 | Create | Villager (Male) |
| 16:51 | Create | Villager (Male) |
| 16:58 | Create | Villager (Male) |
| 17:12 | Research | Bow Saw |
| 17:15 | Build | House |
| 17:17 | Build | House |
| 17:18 | Create | Villager (Male) |
| 17:19 | Create | Villager (Male) |
| 17:36 | Create | Villager (Male) |
| 17:36 | Create | Villager (Male) |
| 17:43 | Create | Villager (Male) |
| 17:50 | Create | Villager (Male) |
| 17:50 | Create | Villager (Male) |
| 17:57 | Build | Mill |
| 17:58 | Build | Farm |
| 17:59 | Build | Farm |
| 18:00 | Build | Farm |
| 18:02 | Build | Farm |
| 18:04 | Create | Villager (Male) |
| 18:04 | Create | Villager (Male) |
| 18:05 | Create | Villager (Male) |
| 18:08 | Build | Farm |
| 18:20 | Create | Villager (Male) |
| 18:20 | Create | Villager (Male) |
| 18:21 | Create | Villager (Male) |
| 18:23 | Build | Farm |
| 18:24 | Create | Villager (Male) |
| 18:25 | Create | Villager (Male) |
| 18:36 | Build | Mining Camp |
| 18:37 | Create | Villager (Male) |
| 18:37 | Create | Villager (Male) |
| 18:37 | Create | Villager (Male) |
| 18:40 | Create | Villager (Male) |
| 18:42 | Build | Farm |
| 18:51 | Build | Farm |
| 18:53 | Create | Villager (Male) |
| 18:54 | Create | Villager (Male) |
| 19:02 | Build | Farm |
| 19:02 | Build | Farm |
| 19:05 | Create | Villager (Male) |
| 19:05 | Create | Villager (Male) |
| 19:05 | Create | Villager (Male) |
| 19:13 | Create | Villager (Male) |
| 19:14 | Create | Villager (Male) |
| 19:21 | Create | Villager (Male) |
| 19:21 | Create | Villager (Male) |
| 19:35 | Build | Archery Range |
Build order — Gun™
First 150 of 606 actions detected
| 0:01 | Create | Villager (Male) |
| 0:01 | Create | Villager (Male) |
| 0:10 | Create | Villager (Male) |
| 0:10 | Create | Villager (Male) |
| 0:10 | Create | Villager (Male) |
| 0:15 | Build | Lumber Camp |
| 1:15 | Build | Mill |
| 1:21 | Create | Villager (Male) |
| 1:22 | Create | Villager (Male) |
| 1:22 | Create | Villager (Male) |
| 1:24 | Create | Villager (Male) |
| 2:27 | Create | Villager (Male) |
| 2:27 | Create | Villager (Male) |
| 2:28 | Create | Villager (Male) |
| 2:29 | Create | Villager (Male) |
| 2:58 | Create | Villager (Male) |
| 3:29 | Build | Mining Camp |
| 3:34 | Build | Mining Camp |
| 3:48 | Create | Villager (Male) |
| 4:20 | Create | Villager (Male) |
| 4:32 | Create | Villager (Male) |
| 4:33 | Create | Villager (Male) |
| 4:35 | Create | Villager (Male) |
| 4:36 | Create | Villager (Male) |
| 4:39 | Create | Villager (Male) |
| 4:55 | Create | Villager (Male) |
| 4:57 | Create | Villager (Male) |
| 5:12 | Create | Villager (Male) |
| 5:12 | Create | Villager (Male) |
| 5:27 | Research | Feudal Age |
| 5:27 | Research | Feudal Age |
| 7:37 | Age | Feudal Age |
| 7:38 | Create | Villager (Male) |
| 7:39 | Create | Villager (Male) |
| 7:40 | Research | Double-Bit Axe |
| 7:45 | Research | Horse Collar |
| 7:45 | Research | Horse Collar |
| 7:46 | Research | Gold Mining |
| 8:01 | Create | Villager (Male) |
| 8:17 | Create | Villager (Male) |
| 8:38 | Create | Villager (Male) |
| 8:39 | Build | Farm |
| 8:41 | Build | Farm |
| 8:59 | Create | Villager (Male) |
| 9:01 | Build | Farm |
| 9:16 | Build | Farm |
| 9:35 | Build | Farm |
| 9:47 | Build | Farm |
| 10:11 | Create | Villager (Male) |
| 10:11 | Create | Villager (Male) |
| 10:32 | Create | Villager (Male) |
| 10:35 | Build | Farm |
| 10:38 | Build | Farm |
| 11:13 | Build | Mill |
| 11:24 | Create | Villager (Male) |
| 11:26 | Build | Farm |
| 11:26 | Build | Farm |
| 11:26 | Build | Farm |
| 11:27 | Build | Farm |
| 11:27 | Build | Farm |
| 12:00 | Create | Villager (Male) |
| 12:01 | Create | Villager (Male) |
| 12:22 | Research | Loom |
| 12:31 | Create | Villager (Male) |
| 12:33 | Build | Market |
| 12:37 | Build | Blacksmith |
| 12:39 | Build | Farm |
| 12:41 | Create | Villager (Male) |
| 12:44 | Build | Farm |
| 12:46 | Build | Farm |
| 13:40 | Build | Mill |
| 13:44 | Create | Villager (Male) |
| 13:44 | Create | Villager (Male) |
| 13:48 | Research | Castle Age |
| 13:48 | Research | Castle Age |
| 14:03 | Build | Stable |
| 14:16 | Build | Stable |
| 14:19 | Build | Palisade Wall |
| 14:36 | Build | Lumber Camp |
| 14:43 | Research | Scale Barding Armor |
| 14:44 | Research | Scale Barding Armor |
| 14:45 | Research | Forging |
| 15:01 | Build | Farm |
| 15:19 | Build | Farm |
| 15:33 | Research | Bloodlines |
| 15:53 | Build | Farm |
| 15:55 | Build | Farm |
| 16:01 | Build | Farm |
| 16:04 | Build | Farm |
| 16:11 | Create | Villager (Male) |
| 16:11 | Create | Villager (Male) |
| 16:44 | Build | House |
| 16:45 | Build | House |
| 16:49 | Age | Castle Age |
| 16:51 | Research | Chain Barding Armor |
| 16:51 | Research | Chain Barding Armor |
| 16:57 | Research | Szlachta Privileges |
| 16:57 | Research | Szlachta Privileges |
| 17:00 | Create | Villager (Male) |
| 17:01 | Create | Villager (Male) |
| 17:03 | Research | Bow Saw |
| 17:06 | Create | Villager (Male) |
| 17:11 | Build | Lumber Camp |
| 17:43 | Create | Villager (Male) |
| 17:47 | Research | Husbandry |
| 17:48 | Research | Husbandry |
| 17:49 | Research | Iron Casting |
| 17:49 | Research | Iron Casting |
| 17:57 | Build | House |
| 17:58 | Build | House |
| 18:00 | Build | House |
| 18:01 | Build | Palisade Wall |
| 18:07 | Create | Villager (Male) |
| 18:31 | Build | Stable |
| 18:37 | Build | Stable |
| 18:42 | Build | Stable |
| 18:48 | Create | Knight |
| 18:48 | Create | Knight |
| 18:48 | Create | Knight |
| 18:49 | Create | Knight |
| 18:49 | Create | Knight |
| 18:50 | Create | Villager (Male) |
| 18:59 | Research | Wheelbarrow |
| 19:33 | Build | Stable |
| 19:38 | Create | Knight |
| 19:38 | Create | Knight |
| 19:39 | Create | Villager (Male) |
| 19:39 | Create | Villager (Male) |
| 19:43 | Create | Villager (Male) |
| 19:50 | Build | Farm |
| 20:08 | Create | Knight |
| 20:08 | Create | Knight |
| 20:13 | Create | Villager (Male) |
| 20:18 | Build | House |
| 20:19 | Build | House |
| 20:20 | Build | House |
| 20:26 | Create | Knight ×4 |
| 20:26 | Create | Knight ×4 |
| 20:29 | Build | Farm |
| 20:30 | Create | Villager (Male) |
| 20:46 | Create | Villager (Male) |
| 20:51 | Create | Knight ×2 |
| 20:51 | Create | Knight ×2 |
| 20:59 | Research | Heavy Plow |
| 20:59 | Research | Heavy Plow |
| 21:01 | Create | Villager (Male) |
| 21:07 | Create | Villager (Male) |
| 21:18 | Create | Knight ×3 |
| 21:19 | Create | Knight ×3 |
| 21:20 | Create | Villager (Male) |
Build order — 一拳一个猪猪饼
First 150 of 547 actions detected
| 0:09 | Create | Villager (Male) |
| 0:10 | Create | Villager (Male) |
| 0:10 | Create | Villager (Male) |
| 0:10 | Create | Villager (Male) |
| 0:17 | Build | Lumber Camp |
| 0:22 | Build | Mill |
| 0:26 | Create | Villager (Male) |
| 0:54 | Create | Villager (Male) |
| 0:54 | Create | Villager (Male) |
| 1:35 | Create | Villager (Male) |
| 1:35 | Create | Villager (Male) |
| 1:54 | Create | Villager (Male) |
| 2:02 | Create | Villager (Male) |
| 2:18 | Create | Villager (Male) |
| 2:49 | Create | Villager (Male) |
| 2:49 | Create | Villager (Male) |
| 2:50 | Create | Villager (Male) |
| 4:47 | Build | Mining Camp |
| 5:00 | Create | Villager (Male) |
| 5:18 | Build | Farm |
| 5:18 | Research | Feudal Age |
| 5:30 | Build | Farm |
| 5:46 | Build | Farm |
| 5:47 | Build | Farm |
| 6:56 | Create | Villager (Male) |
| 6:56 | Create | Villager (Male) |
| 7:46 | Age | Feudal Age |
| 7:53 | Build | Market |
| 8:34 | Build | Blacksmith |
| 9:00 | Research | Double-Bit Axe |
| 9:08 | Research | Castle Age |
| 10:08 | Research | Horse Collar |
| 11:25 | Create | Villager (Male) |
| 11:25 | Create | Villager (Male) |
| 11:33 | Age | Castle Age |
| 11:41 | Build | Town Center |
| 11:47 | Create | Villager (Male) |
| 12:09 | Build | Town Center |
| 12:11 | Create | Villager (Male) |
| 12:35 | Build | Town Center |
| 12:37 | Create | Villager (Male) |
| 12:49 | Research | Bow Saw |
| 12:51 | Create | Villager (Male) |
| 12:55 | Create | Villager (Male) |
| 13:10 | Build | Lumber Camp |
| 13:12 | Create | Villager (Male) |
| 13:18 | Build | Farm |
| 13:24 | Create | Villager (Male) |
| 13:29 | Create | Villager (Male) |
| 13:34 | Research | Loom |
| 13:39 | Build | Farm |
| 13:55 | Build | Farm |
| 14:00 | Build | Farm |
| 14:04 | Create | Villager (Male) |
| 14:04 | Create | Villager (Male) |
| 14:12 | Build | Farm |
| 14:26 | Build | Farm |
| 14:26 | Build | Farm |
| 14:27 | Build | Farm |
| 14:27 | Build | Farm |
| 14:27 | Build | Farm |
| 14:30 | Build | Farm |
| 14:31 | Create | Villager (Male) |
| 14:32 | Create | Villager (Male) |
| 14:41 | Create | Villager (Male) |
| 14:41 | Create | Villager (Male) |
| 14:50 | Build | Farm |
| 15:00 | Build | Farm |
| 15:02 | Create | Villager (Male) |
| 15:02 | Create | Villager (Male) |
| 15:08 | Build | Farm |
| 15:10 | Build | Farm |
| 15:11 | Create | Villager (Male) |
| 15:11 | Create | Villager (Male) |
| 15:21 | Build | Farm |
| 15:29 | Build | Farm |
| 15:33 | Build | Farm |
| 15:35 | Create | Villager (Male) |
| 15:35 | Create | Villager (Male) |
| 15:35 | Create | Villager (Male) |
| 15:44 | Create | Villager (Male) |
| 15:44 | Create | Villager (Male) |
| 15:51 | Create | Villager (Male) |
| 15:51 | Create | Villager (Male) |
| 15:55 | Build | Farm |
| 15:58 | Build | Farm |
| 15:59 | Create | Villager (Male) |
| 15:59 | Create | Villager (Male) |
| 16:06 | Build | Farm |
| 16:17 | Create | Villager (Male) |
| 16:17 | Create | Villager (Male) |
| 16:24 | Create | Villager (Male) |
| 16:25 | Create | Villager (Male) |
| 16:25 | Create | Villager (Male) |
| 16:41 | Build | Town Center |
| 16:43 | Create | Villager (Male) |
| 16:43 | Create | Villager (Male) |
| 16:44 | Create | Villager (Male) |
| 16:48 | Create | Villager (Male) |
| 16:48 | Create | Villager (Male) |
| 16:55 | Build | Farm |
| 16:57 | Create | Villager (Male) |
| 16:57 | Create | Villager (Male) |
| 16:57 | Create | Villager (Male) |
| 17:04 | Build | Farm |
| 17:16 | Build | Farm |
| 17:19 | Create | Villager (Male) |
| 17:19 | Create | Villager (Male) |
| 17:19 | Create | Villager (Male) |
| 17:26 | Build | House |
| 17:27 | Build | House |
| 17:28 | Build | House |
| 17:29 | Build | House |
| 17:37 | Research | Wheelbarrow |
| 17:43 | Build | Farm |
| 17:44 | Build | Farm |
| 17:44 | Build | Farm |
| 17:44 | Build | Farm |
| 17:44 | Build | Farm |
| 17:46 | Build | Farm |
| 17:53 | Create | Villager (Male) |
| 17:53 | Create | Villager (Male) |
| 17:53 | Create | Villager (Male) |
| 18:05 | Create | Villager (Male) |
| 18:20 | Build | House |
| 18:21 | Build | House |
| 18:22 | Build | House |
| 18:24 | Create | Villager (Male) |
| 18:24 | Create | Villager (Male) |
| 18:24 | Create | Villager (Male) |
| 18:24 | Create | Villager (Male) |
| 18:28 | Create | Villager (Male) |
| 18:39 | Build | Mill |
| 18:41 | Build | Farm |
| 18:41 | Build | Farm |
| 18:41 | Build | Farm |
| 18:41 | Build | Farm |
| 18:41 | Build | Farm |
| 18:42 | Build | Farm |
| 18:45 | Create | Villager (Male) |
| 18:45 | Create | Villager (Male) |
| 19:05 | Build | Farm |
| 19:06 | Create | Villager (Male) |
| 19:06 | Create | Villager (Male) |
| 19:06 | Create | Villager (Male) |
| 19:11 | Build | Farm |
| 19:12 | Create | Villager (Male) |
| 19:13 | Create | Villager (Male) |
| 19:22 | Build | Farm |
| 19:23 | Build | Farm |
Match timeline
| 3:38 | Sói · wall_segment Palisade Wall x1 |
| 6:49 | Sói · age_up feudal |
| 7:14 | Teddy · age_up feudal |
| 7:37 | Gun™ · age_up feudal |
| 7:39 | 王德发 · age_up feudal |
| 7:46 | 一拳一个猪猪饼 · age_up feudal |
| 8:02 | 曾瑞小狮子 · age_up feudal |
| 8:15 | 曾瑞小狮子 · first_building Stable |
| 8:21 | Ashwath · age_up feudal |
| 8:42 | Ashwath · wall_segment Stone Wall x24 |
| 8:57 | 一口一个宝宝饼 · age_up feudal |
| 10:55 | Sói · age_up castle |
| 11:33 | 一拳一个猪猪饼 · age_up castle |
| 11:34 | Teddy · age_up castle |
| 11:57 | 曾瑞小狮子 · age_up castle |
| 12:03 | 王德发 · age_up castle |
| 12:16 | Ashwath · age_up castle |
| 12:52 | 一口一个宝宝饼 · age_up castle |
| 12:53 | Teddy · first_market_buy 100 stone |
| 14:03 | Gun™ · first_building Stable |
| 14:13 | Sói · first_building Siege Workshop |
| 14:19 | Gun™ · wall_segment Palisade Wall x1 |
| 14:34 | 一口一个宝宝饼 · first_market_buy 100 stone |
| 14:52 | 王德发 · first_market_buy 100 food |
| 16:10 | Sói · first_building Monastery |
| 16:49 | Gun™ · age_up castle |
| 16:56 | Gun™ · first_market_sell 100 food |
| 17:17 | Sói · first_market_buy 100 stone |
| 18:01 | Gun™ · wall_segment Palisade Wall x1 |
| 19:35 | Ashwath · first_building Archery Range |
| 20:25 | 一拳一个猪猪饼 · wall_segment Stone Wall x8 |
| 20:34 | 一口一个宝宝饼 · first_building Stable |
| 20:42 | Teddy · first_building Monastery |
| 21:05 | 王德发 · first_market_sell 100 wood |
| 22:14 | 王德发 · wall_segment Palisade Wall x4 |
| 22:35 | Ashwath · first_market_buy 100 food |
| 22:37 | Ashwath · first_market_sell 100 wood |
| 22:59 | 一拳一个猪猪饼 · wall_segment Stone Wall x12 |
| 23:03 | 王德发 · first_building Castle |
| 23:03 | Teddy · first_market_sell 100 food |
| 23:28 | Sói · first_building Barracks |
| 23:30 | 一拳一个猪猪饼 · first_building Stable |
| 23:44 | Teddy · first_building Stable |
| 23:53 | 一口一个宝宝饼 · wall_segment Stone Wall x28 |
| 24:09 | Sói · first_building Archery Range |
| 24:21 | 王德发 · wall_segment Stone Wall x17 |
| 24:38 | 曾瑞小狮子 · first_market_buy 100 stone |
| 24:50 | 一拳一个猪猪饼 · wall_segment Stone Wall x4 |
| 25:04 | 一口一个宝宝饼 · wall_segment Stone Wall x1 |
| 25:20 | 王德发 · wall_segment Stone Wall x1 |
| 25:24 | 一拳一个猪猪饼 · age_up imperial |
| 25:33 | Ashwath · age_up imperial |
| 25:38 | 一口一个宝宝饼 · age_up imperial |
| 25:43 | 曾瑞小狮子 · first_building Siege Workshop |
| 26:04 | Teddy · first_building Castle |
| 26:14 | Teddy · age_up imperial |
| 26:38 | Sói · age_up imperial |
| 26:39 | 曾瑞小狮子 · first_market_sell 100 food |
| 26:49 | 曾瑞小狮子 · wall_segment Stone Wall x11 |
| 27:44 | 一拳一个猪猪饼 · first_market_sell 500 food |
| 28:12 | Sói · wall_segment Stone Wall x1 |
| 28:13 | 王德发 · age_up imperial |
| 28:39 | 一拳一个猪猪饼 · first_building Barracks |
| 28:53 | 一口一个宝宝饼 · first_building Barracks |
| 29:00 | Ashwath · first_building Stable |
| 29:07 | Gun™ · first_market_buy 100 wood |
| 29:09 | 王德发 · wall_segment Stone Wall x1 |
| 29:24 | Ashwath · wall_segment Stone Wall x20 |
| 29:34 | Sói · first_market_sell 100 wood |
| 30:00 | 曾瑞小狮子 · first_building Castle |
| 30:06 | 王德发 · wall_segment Stone Wall x4 |
| 30:24 | Sói · first_building Stable |
| 30:40 | 曾瑞小狮子 · wall_segment Stone Wall x6 |
| 30:43 | 曾瑞小狮子 · wall_segment Stone Wall x1 |
| 30:46 | 曾瑞小狮子 · wall_segment Stone Wall x5 |
| 31:07 | Sói · first_building Castle |
| 32:20 | 曾瑞小狮子 · age_up imperial |
| 32:34 | 王德发 · wall_segment Stone Wall x1 |
| 33:17 | 一拳一个猪猪饼 · wall_segment Stone Wall x2 |
| 33:28 | 一口一个宝宝饼 · first_market_sell 500 food |
| 33:56 | 王德发 · first_building Siege Workshop |
| 34:58 | Ashwath · first_building Siege Workshop |
| 35:34 | 一口一个宝宝饼 · wall_segment Stone Wall x4 |
| 36:08 | Sói · tribute_sent a jugador 2 |
| 36:08 | Sói · tribute_sent a jugador 3 |
| 36:08 | Sói · tribute_sent a jugador 4 |
| 36:08 | Sói · tribute_sent a jugador 5 |
| 36:08 | Sói · tribute_sent a jugador 6 |
| 36:08 | Sói · tribute_sent a jugador 7 |
| 36:08 | Sói · tribute_sent a jugador 8 |
| 36:20 | 一口一个宝宝饼 · wall_segment Stone Wall x3 |
| 37:26 | Teddy · wall_segment Stone Wall x15 |
| 37:32 | Teddy · wall_segment Stone Wall x6 |
| 37:35 | Teddy · wall_segment Stone Wall x10 |
| 37:41 | Teddy · wall_segment Stone Wall x13 |
| 38:32 | 一口一个宝宝饼 · first_building Castle |
| 38:49 | Teddy · wall_segment Stone Wall x1 |
| 38:58 | Teddy · wall_segment Stone Wall x11 |
| 38:58 | Ashwath · first_building Castle |
| 39:23 | Gun™ · age_up imperial |
| 39:30 | 曾瑞小狮子 · first_building Barracks |
| 40:11 | Gun™ · tribute_sent a jugador 1 |
| 40:11 | Gun™ · tribute_sent a jugador 2 |
| 40:11 | Gun™ · tribute_sent a jugador 3 |
| 40:11 | Gun™ · tribute_sent a jugador 4 |
| 40:11 | Gun™ · tribute_sent a jugador 5 |
| 40:11 | Gun™ · tribute_sent a jugador 6 |
| 40:11 | Gun™ · tribute_sent a jugador 8 |
| 40:21 | Ashwath · wall_segment Stone Wall x1 |
| 40:23 | Ashwath · wall_segment Stone Wall x1 |
| 40:24 | Ashwath · wall_segment Stone Wall x1 |
| 40:26 | Ashwath · wall_segment Stone Wall x1 |
| 40:57 | Sói · tribute_sent a jugador 2 |
| 40:57 | Sói · tribute_sent a jugador 3 |
| 40:57 | Sói · tribute_sent a jugador 4 |
| 40:57 | Sói · tribute_sent a jugador 5 |
| 40:57 | Sói · tribute_sent a jugador 6 |
| 40:57 | Sói · tribute_sent a jugador 7 |
| 40:57 | Sói · tribute_sent a jugador 8 |
| 41:45 | Teddy · wall_segment Stone Wall x24 |
| 41:48 | 一口一个宝宝饼 · wall_segment Stone Wall x10 |
| 41:49 | Teddy · wall_segment Stone Wall x10 |
| 43:08 | Gun™ · tribute_sent a jugador 1 |
| 43:08 | Gun™ · tribute_sent a jugador 2 |
| 43:08 | Gun™ · tribute_sent a jugador 3 |
| 43:08 | Gun™ · tribute_sent a jugador 4 |
| 43:08 | Gun™ · tribute_sent a jugador 5 |
| 43:08 | Gun™ · tribute_sent a jugador 6 |
| 43:08 | Gun™ · tribute_sent a jugador 8 |
| 43:12 | Ashwath · first_building Barracks |
| 44:31 | 王德发 · wall_segment Stone Wall x1 |
| 44:41 | Gun™ · tribute_sent a jugador 1 |
| 44:41 | Gun™ · tribute_sent a jugador 2 |
| 44:41 | Gun™ · tribute_sent a jugador 3 |
| 44:41 | Gun™ · tribute_sent a jugador 4 |
| 44:41 | Gun™ · tribute_sent a jugador 5 |
| 44:41 | Gun™ · tribute_sent a jugador 6 |
| 44:41 | Gun™ · tribute_sent a jugador 8 |
| 45:23 | Teddy · first_building Archery Range |
| 45:27 | 王德发 · wall_segment Stone Wall x2 |
| 45:46 | 一口一个宝宝饼 · first_building Archery Range |
| 46:04 | 王德发 · tribute_sent a jugador 1 |
| 46:04 | 王德发 · tribute_sent a jugador 2 |
| 46:04 | 王德发 · tribute_sent a jugador 3 |
| 46:04 | 王德发 · tribute_sent a jugador 4 |
| 46:04 | 王德发 · tribute_sent a jugador 6 |
| 46:04 | 王德发 · tribute_sent a jugador 7 |
| 46:04 | 王德发 · tribute_sent a jugador 8 |
| 46:05 | Gun™ · tribute_sent a jugador 1 |
| 46:05 | Gun™ · tribute_sent a jugador 2 |
| 46:05 | Gun™ · tribute_sent a jugador 3 |
| 46:05 | Gun™ · tribute_sent a jugador 4 |
| 46:05 | Gun™ · tribute_sent a jugador 5 |
| 46:05 | Gun™ · tribute_sent a jugador 6 |
| 46:05 | Gun™ · tribute_sent a jugador 8 |
| 46:45 | Teddy · wall_segment Stone Wall x27 |
| 49:06 | 王德发 · first_building Barracks |
| 51:10 | 王德发 · wall_segment Stone Wall x8 |
| 51:14 | 王德发 · wall_segment Stone Wall x6 |
| 51:16 | 王德发 · wall_segment Stone Wall x8 |
| 52:20 | Teddy · tribute_sent a jugador 1 |
| 52:20 | Teddy · tribute_sent a jugador 2 |
| 52:20 | Teddy · tribute_sent a jugador 4 |
| 52:20 | Teddy · tribute_sent a jugador 5 |
| 52:20 | Teddy · tribute_sent a jugador 6 |
| 52:20 | Teddy · tribute_sent a jugador 7 |
| 52:20 | Teddy · tribute_sent a jugador 8 |
| 54:31 | 一拳一个猪猪饼 · first_building Siege Workshop |
| 54:42 | 曾瑞小狮子 · first_building Archery Range |
| 56:03 | Gun™ · first_building Barracks |
| 56:04 | 一拳一个猪猪饼 · wall_segment Stone Wall x1 |
| 57:22 | Sói · wall_segment Stone Wall x1 |
| 57:25 | Sói · wall_segment Stone Wall x30 |
| 57:27 | Sói · wall_segment Stone Wall x1 |
| 57:28 | 一拳一个猪猪饼 · wall_segment Stone Wall x3 |
| 58:16 | Sói · resign |
| 58:49 | Ashwath · wall_segment Stone Wall x28 |
[ AI ANALYSIS · 1 CREDIT ]
What really happened in this match?
Wolo.gg analyzes every decision: build order, eco, micro, common mistakes by bracket. Personalized analysis on WhatsApp or Discord in 30 seconds.
Civ guide
Britons
Perfil
Jugador #4281446